 Dungeon Crawl Stone Soup version 0.31-a0-986-g5e6e4ef867 (webtiles) character file.

Game seed: 17511114684065351705

744 Curundu the Ducker (level 7, 0/70 HPs)
             Began as a Troll Berserker on Nov 10, 2023.
             Was a Priest of Trog.
             Slain by a sleepcap (5 damage)
             ... on level 5 of the Dungeon.
             The game lasted 00:37:50 (4652 turns).

Curundu the Ducker (Troll Berserker)                Turns: 4652, Time: 00:37:51

Health: 0/70       AC:  4    Str: 25 (26) XL:     7   Next: 47%
Magic:  6/6        EV:  9    Int:  2 (3)  God:    Trog [***...]
Gold:   195        SH:  7    Dex:  9 (11) Spells: 6/6 levels left

rFire   . . .        i - +1 dagger (vamp)
rCold   . . .        f - +0 kite shield
rNeg    . . .        b - +0 animal skin
rPois   .            (helmet restricted)
rElec   .            (no cloak)
rCorr   .            (gloves unavailable)
SInv    .            (boots unavailable)
Will    .....        k - amulet of the acrobat
Stlth   +            (no ring)
HPRegen 1.11/turn    (no ring)
MPRegen 0.10/turn

%: acrobat
@: no status effects
A: large, unfitting armour, claws 3, regeneration 1, shaggy fur 1, tough skin 1
a: Renounce Religion, Berserk, Trog's Hand


You were on level 5 of the Dungeon.
You worshipped Trog.
Trog was most pleased with you.
You visited 1 branch of the dungeon, and saw 5 of its levels.

You collected 195 gold pieces.

Inventory:

Hand Weapons
 a - a +0 falchion
 i - a +1 vampiric dagger (weapon)
 p - a +0 war axe of venom
Armour
 b - a +0 animal skin (worn)
 f - a +0 kite shield (worn)
Magical Staves
 m - a staff of poison
Jewellery
 k - an amulet of the acrobat (around neck)
 o - a +4 ring of protection
Wands
 r - a wand of iceblast (11)
 v - a wand of mindburst (11)
Scrolls
 c - a scroll of fog {unknown}
 d - 2 scrolls of teleportation
 g - a scroll of fear {unknown}
 h - a scroll of enchant weapon {unknown}
 j - a scroll of vulnerability {unknown}
 l - 3 scrolls of identify
 q - a scroll of poison
Potions
 n - 2 potions of enlightenment
 s - a potion of mutation {unknown}
 t - a potion of heal wounds {unknown}
 w - a potion of might


   Skills:
 + Level 4.2 Fighting
 + Level 1.5(2.6) Short Blades
 + Level 3.2(3.4) Long Blades
 + Level 2.2 Axes
 + Level 4.6 Dodging
 + Level 0.3 Stealth
 + Level 1.9 Shields


You had 6 spell levels left.
You didn't know any spells.
Your spell library contained the following spells:

 Spells                   Type           Power      Damage    Failure   Level
 Kiss of Death            Conj/Necr      0%         2d5       82%         1
 Slow                     Hex            0%         N/A       82%         1
 Ensorcelled Hibernation  Hex/Ice        0%         N/A       91%         2
 Passwall                 Tmut/Erth      0%         N/A       91%         2
 Wereblood                Tmut           0%         N/A       91%         2
 Confusing Touch          Hex            0%         N/A       99%         3
 Sigil of Binding         Hex            0%         N/A       99%         3
 Swiftness                Air            0%         N/A       99%         3
 Vampiric Draining        Necr           0%         2d6       99%         3
 Dispel Undead            Necr           0%         3d6       100%        4
 Irradiate                Conj/Tmut      0%         3d11      100%        5
 Summon Forest            Summ/Tloc      0%         N/A       100%        5
 Eringya's Noxious Bog    Tmut/Pois      0%         4d6       100%        6
 Summon Hydra             Summ           0%         N/A       100%        7


Dungeon Overview and Level Annotations

Branches:
Dungeon (5/15)
 Temple: D:4-7

Altars:
Dithmenos
Hepliaklqana
Ru
Yredelemnul

Shops:
D:4 *

Annotations:
D:5 2 transporters, pigah's ghost, novice OpSh


Innate Abilities, Weirdness & Mutations

You are too large for most types of armour.
You have claws for hands.
Your natural rate of healing is unusually fast.
You are covered in fur. (AC +1)
You have tough skin. (AC +1)


Message History

The sleepcap barely misses you.
You hit the sleepcap but do no damage.
The sleepcap is moderately damaged.
You block the sleepcap's attack.
You hit the sleepcap but do no damage.
The sleepcap is moderately damaged.
The sleepcap closely misses you.
You hit the sleepcap but do no damage.
The sleepcap is moderately damaged.
The sleepcap releases spores at you but does no damage.
You hit the sleepcap.
The sleepcap is heavily damaged.
The sleepcap releases spores at you.
* * * LOW HITPOINT WARNING * * *
You are engulfed in a cloud of soporific spores!
You fall asleep.
You wake up.
You hit the sleepcap but do no damage.
The sleepcap is heavily damaged.
You block the sleepcap's attack.
You hit the sleepcap but do no damage.
The sleepcap is heavily damaged.
The sleepcap releases spores at you.
* * * LOW HITPOINT WARNING * * *
You are engulfed in a cloud of soporific spores!
You are unaffected.
You hit the sleepcap but do no damage.
The sleepcap is heavily damaged.
The sleepcap releases spores at you.
* * * LOW HITPOINT WARNING * * *
You hit the sleepcap but do no damage.
The sleepcap is heavily damaged.
The sleepcap releases spores at you.
* * * LOW HITPOINT WARNING * * *
You are engulfed in a cloud of soporific spores!
You are unaffected.
You hit the sleepcap.
You feel better.
The sleepcap is heavily damaged.
The sleepcap releases spores at you.
You die...

≈.♣....#....<...#..........#.....
≈.♣....#........#..........#...<.
≈.♣....##########..........#.....
≈.♣..>.##......##..........#.....
≈.♣..................#######.....
≈.♣..................##...##.....
≈.♣............########..........
..♣............##....##...##....#
♣♣)............f@.........##....#
....#####......##.........#.....#
###....##......##...)####)##....#
#.............##....##...##....#
#.............##....##.........#
#........................##....#
#........................##....#
#........................'.....#
#..#####.................#.....#


You could see a sleepcap.

Vanquished Creatures
  A black bear (D:4)
  An ogre (D:3)
  A phantom (D:5)
  5 hounds
  An orc wizard (D:4)
  4 iguanas
  10 adders
  4 gnolls (D:4)
  2 white imps
  4 dart slugs
  4 orcs
  7 ball pythons
  4 bats
  7 endoplasms
  A giant cockroach (D:1)
  7 goblins
  3 hobgoblins
  3 jackals (D:4)
  4 kobolds
  4 quokkas
  4 frilled lizards
  4 rats
  A spectral kobold (D:4)
86 creatures vanquished.

Notes
Turn   | Place    | Note
-------+----------+-------------------------------------------
     0 | D:1      | Curundu the Troll Berserker began the quest for the Orb.
     0 | D:1      | Reached XP level 1. HP: 22/22 MP: 0/0
   143 | D:1      | Reached XP level 2. HP: 28/29 MP: 1/1
   812 | D:2      | Reached XP level 3. HP: 37/37 MP: 2/2
   842 | D:2      | Reached ** piety under Trog
  1044 | D:2      | Reached XP level 4. HP: 45/45 MP: 3/3
  1609 | D:3      | Noticed an ogre
  1613 | D:3      | Killed an ogre
  1614 | D:3      | Reached XP level 5. HP: 53/53 MP: 4/4
  1660 | D:3      | Found a basalt altar of Yredelemnul.
  2418 | D:4      | Found Nearun's Overcharged Wands.
  2433 | D:4      | Reached skill level 1 in Axes
  2693 | D:4      | Reached XP level 6. HP: 19/62 MP: 5/5
  2741 | D:4      | Found a hazy altar of Hepliaklqana.
  2893 | D:4      | Reached skill level 1 in Shields
  3553 | D:5      | Entered Level 5 of the Dungeon
  3553 | D:5      | Found a shadowy altar of Dithmenos.
  3722 | D:5      | Noticed pigah's ghost (novice OpSh)
  3760 | D:5      | Found a transporter.
  3763 | D:5      | Found a transporter.
  3928 | D:5      | Reached XP level 7. HP: 28/70 MP: 6/6
  3940 | D:5      | Reached skill level 1 in Short Blades
  4112 | D:5      | Found a sacrificial altar of Ru.
  4518 | D:5      | Reached *** piety under Trog
  4651 | D:5      | HP: 3/70 [sleepcap (3)]
  4652 | D:5      | Slain by a sleepcap

Illustrated notes

Levels and vault maps discovered:
D:1:      heliophobic_arrival_enchanted_forest, layout_loops_ring
D:2:      layout_basic
D:3:      layout_basic, mainiacjoe_overflow_brackets
D:4:      layout_gridville, nicolae_hepliaklqana_monster_ancestors,
          minmay_misc_feat_iff, nicolae_shop_overcharged_wands
D:5:      minmay_octagon_keep, layout_gridville, lemuel_crystal_altar,
          fedhas_altar_4, mainiacjoe_overflow_paths, gammafunk_ghost_arena

Skill      XL: |  1  2  3  4  5  6  7 |
---------------+----------------------+-----
Fighting       | 3 4 |  4.2
Dodging        | 3 4 |  4.6
Long Blades    | 3 |  3.2
Axes           | 1 2 |  2.2
Shields        | 1 |  1.9
Short Blades   | 1 |  1.5
Stealth        | |  0.3

Action                     |  1- 3 |  4- 6 |  7- 9 || total
---------------------------+-------+-------+-------++-------
  Melee: Falchion          |   149 |       |       ||   149
         War axe           |    12 |   111 |       ||   123
         Dagger            |       |   178 |   191 ||   369
    Use: Scroll            |       |     3 |     2 ||     5
         Potion            |       |     3 |     3 ||     6
 Armour: Animal skin       |   117 |   217 |   125 ||   459
  Dodge: Dodged            |   113 |   155 |    99 ||   367
  Block: Kite shield       |       |   100 |    73 ||   173

Table legend: (Time is in decaauts)
 A = Elapsed time spent in this place.
 B = Non-inter-level travel time spent in this place.
 C = Inter-level travel time spent in this place.
 D = Time resting spent in this place.
 E = Time spent auto-exploring this place.
 F = Levels seen in this place.
 G = Mean time per level.
                   A        B        C        D        E       F      G
               +--------+--------+--------+--------+--------+-----+--------+
         Total |   4731 |   4725 |      6 |    223 |      0 |   5 |  946.2 |
       Dungeon |   4731 |   4725 |      6 |    223 |      0 |   5 |  946.2 |
               +--------+--------+--------+--------+--------+-----+--------+

Top non-repeatable levels by time:
     D:4: 1273 daAuts
     D:5: 1099 daAuts
     D:3: 1047 daAuts
     D:1: 782 daAuts
     D:2: 528 daAuts
